 Dungeon Crawl Stone Soup version 0.20.1-1-g8b1a95d (webtiles) character file.

78 Monsterracer the Chiller (level 4, -14/30 HPs)
             Began as a Barachi Ice Elementalist on Aug 25, 2017.
             Demolished by Milesaru's ghost (17 damage)
             ... on level 3 of the Dungeon.
             The game lasted 00:03:58 (1843 turns).

Monsterracer the Chiller (Barachi Ice Elementalist) Turns: 1843, Time: 00:03:59

Health: -14/30     AC: 10    Str: 10    XL:     4   Next: 36%
Magic:  7/8        EV: 12    Int: 19    God:
Gold:   142        SH:  0    Dex: 12    Spells: 3/9 levels left

rFire    . . .     SeeInvis .   g - +2 dagger (drain)
rCold    . . .     Gourm    .   (no shield)
rNeg     . . .     Faith    .   a - +0 robe
rPois    .         Spirit   .   j - +0 helmet
rElec    .         Reflect  .   q - +0 cloak
rCorr    .         Harm     .   (no gloves)
MR       .....                  (no boots)
Stlth    +.........             (no amulet)
Regen    0.1/turn               p - +3 ring of intelligence
MPRegen  0.2/turn               (no ring)

@: icy armour, glowing, very slow
A: +LOS, swims, slowness 1, strong legs 1
a: Hop


You were on level 3 of the Dungeon.
You were hungry.

You visited 1 branch of the dungeon, and saw 3 of its levels.

You collected 142 gold pieces.

Inventory:

Hand Weapons
 g - a +2 dagger of draining (weapon)
Armour
 a - a +0 robe (worn)
 f - a cursed +0 scale mail
 j - a +0 helmet (worn)
 q - a +0 cloak (worn)
Jewellery
 p - a +3 ring of intelligence (left hand)
Scrolls
 e - 2 scrolls of remove curse {unknown}
 l - 2 scrolls of identify {unknown}
 n - a scroll of enchant weapon {unknown}
 o - 3 scrolls of teleportation {unknown}
 t - a scroll of immolation {unknown}
Potions
 h - a potion of heal wounds {unknown}
 i - a potion of ambrosia {unknown}
 k - a potion of haste {unknown}
 m - a potion of curing {unknown}
 s - a potion of lignification {unknown}
Books
 b - a book of Frost

   Spells                             Type                      Level
   a - Freeze                         Ice                          1
   b - Throw Frost                    Conjuration/Ice              2
   c - Ozocubu's Armour               Charms/Ice                   3
   d - Throw Icicle                   Conjuration/Ice              4
   e - Summon Ice Beast               Ice/Summoning                4
Comestibles
 c - 3 bread rations
 d - a meat ration
 r - 3 fruits


   Skills:
 - Level 2.1 Dodging
 - Level 1.7 Stealth
 + Level 3.1 Spellcasting
 - Level 1.1 Conjurations
 * Level 5.3 Ice Magic


You had 3 spell levels left.
You knew the following spells:

 Your Spells              Type           Power        Failure   Level  Hunger
a - Freeze                Ice            ###.         1%          1    None
b - Throw Frost           Conj/Ice       ###...       6%          2    ##.....
c - Ozocubu's Armour      Chrm/Ice       ##......     16%         3    ###....


Dungeon Overview and Level Annotations

Branches:
Dungeon (3/15)

Altars:
Qazlal

Annotations:
D:3 Milesaru's ghost, amateur CeAM


Innate Abilities, Weirdness & Mutations

Shadows flee at your approach. (+LOS)
You can swim through water.
You cover ground slowly.
You can hop short distances.


Message History

You climb downwards.
Level annotation: Milesaru's ghost, amateur CeAM Milesaru's ghost barely misses you.
There is a stone staircase leading up here.
Casting: Ozocubu's Armour
Confirm with . or Enter, or press ? or * to list all spells.
Aiming: Freeze
Press: ? - help, Shift-Dir - straight line, f - Milesaru's ghost
Aim: Milesaru's ghost, wielding a weapon of electrocution You freeze Milesaru's ghost.
Milesaru's ghost is lightly damaged.
Milesaru's ghost hits you!
You are electrocuted!
Ouch! That really hurt!
* * * LOW HITPOINT WARNING * * *
Huge Dmg: -83%(-25hp) hp: 17%(5hp) Milesaru's ghost hits you.
* * * LOW HITPOINT WARNING * * *
You are electrocuted!
Ouch! That really hurt!
You die...

####...........##
#...........##...
#......>........
#....[.......#
#............#
#............#
#............# ?#
#............#....#
#.........@W.....$.
#...........##.....
###........... ..#.
###.##....### #.
#....# #. ...... #
##.....# #.....#
#.....#


You could see Milesaru's ghost.

Vanquished Creatures
  2 adders (D:2)
  An ooze (D:2)
  3 worms (D:2)
  2 leopard geckos (D:1)
  A giant cockroach (D:2)
  4 goblins
  3 hobgoblins
  6 jackals
  2 quokkas (D:2)
  2 ball pythons (D:1)
  3 bats
  6 frilled lizards
  6 kobolds
  5 rats
46 creatures vanquished.

Notes
Turn   | Place    | Note
-------+----------+-------------------------------------------
     0 | D:1      | Monsterracer the Barachi Ice Elementalist began the quest for the Orb.
     0 | D:1      | Reached XP level 1. HP: 13/13 MP: 3/3
   331 | D:1      | Reached XP level 2. HP: 14/19 MP: 2/5
   492 | D:1      | Reached skill level 4 in Ice Magic
   613 | D:1      | Learned a level 2 spell: Throw Frost
   684 | D:2      | Reached XP level 3. HP: 16/24 MP: 2/7
   688 | D:2      | HP: 12/24 [kobold (3)]
   693 | D:2      | HP: 10/24 [poisoned by an adder]
   701 | D:2      | HP: 9/24 [poisoned by an adder]
   702 | D:2      | Learned a level 3 spell: Ozocubu's Armour
  1038 | D:2      | Found a stormy altar of Qazlal.
  1074 | D:2      | HP: 9/24 [worm (7)]
  1254 | D:2      | Reached skill level 5 in Ice Magic
  1430 | D:2      | Reached XP level 4. HP: 30/30 MP: 8/8
  1806 | D:3      | Noticed Milesaru's ghost (amateur CeAM)
  1842 | D:3      | HP: 5/30 [Milesaru's ghost (17)]
  1843 | D:3      | Demolished by Milesaru's ghost

Skill      XL: |  1  2  3 |
---------------+----------+-----
Ice Magic      | 4 5 |  5.3
Spellcasting   | 3 |  3.1
Dodging        | |  2.1
Stealth        | |  1.7
Conjurations   | |  1.1

Action                   |  1- 3 |  4- 6 || total
-------------------------+-------+-------++-------
Melee: Dagger            |    50 |    16 ||    66
       Unarmed           |     6 |       ||     6
 Cast: Freeze            |    32 |    10 ||    42
       Throw Frost       |     1 |       ||     1
       Ozocubu's Armour  |       |     1 ||     1
 Stab: Sleeping          |     2 |     3 ||     5
  Eat: Chunk             |     2 |     1 ||     3
Armor: Robe              |    15 |     7 ||    22
Dodge: Dodged            |    60 |    23 ||    83
